 Dungeon Crawl Stone Soup version 0.28-b1-25-g9875b3fc8c (webtiles) character file.

Game seed: 1308165073653038930

59 zeram the Ducker (level 3, 0/19 HPs)
             Began as a Spriggan Fighter on Feb 2, 2022.
             Slain by Natasha (6 damage)
             ... on level 3 of the Dungeon.
             The game lasted 00:02:18 (2311 turns).

zeram the Ducker (Spriggan Fighter)                 Turns: 2311, Time: 00:02:18

Health: 0/19       AC:  2    Str: 12    XL:     3   Next: 78%
Magic:  4/4        EV: 17    Int: 11    God:
Gold:   58         SH:  6    Dex: 14    Spells: 2/2 levels left

rFire   . . .      SeeInvis +   g - +2 dagger (flame)
rCold   . . .      Faith    .   c - +0 buckler
rNeg    . . .      Spirit   .   b - +0 robe
rPois   .          Reflect  .   (helmet restricted)
rElec   .          Harm     .   (no cloak)
rCorr   .          Rampage  .   (gloves unavailable)
Will    +....                   (boots unavailable)
Stlth   ++........              d - amulet of magic regeneration
HPRegen 0.06/turn               h - ring of willpower
MPRegen 0.49/turn               (no ring)

@: very quick
A: very small, no large weapons, unfitting armour, see invisible, speed 3
a: no special abilities


You were on level 3 of the Dungeon.
You visited 1 branch of the dungeon, and saw 3 of its levels.

You collected 58 gold pieces.

Inventory:

Hand Weapons
 a - a +0 rapier
 g - a +2 dagger of flaming (weapon)
Armour
 b - a +0 robe (worn)
 c - a +0 buckler (worn)
Jewellery
 d - an amulet of magic regeneration (around neck)
 h - a ring of willpower (left hand)
Scrolls
 e - 4 scrolls of identify {unknown}
 f - a scroll of enchant armour {unknown}
Potions
 i - a potion of heal wounds {unknown}
 j - a potion of haste {unknown}


   Skills:
 - Level 2.4 Fighting
 + Level 3.3 Short Blades
 + Level 4.9 Dodging
 + Level 1.3 Stealth
 + Level 2.4 Shields


You had 2 spell levels left.
You didn't know any spells.
Your spell library contained the following spells:

 Spells                   Type           Power      Damage    Failure   Level
 Foxfire                  Conj/Fire      0%         2x1d4     58%         1
 Corpse Rot               Necr/Air       0%         N/A       73%         2
 Poisonous Vapours        Pois/Air       0%         N/A       73%         2
 Conjure Flame            Conj/Fire      0%         6-21      91%         3
 Inner Flame              Hex/Fire       0%         N/A       91%         3
 Flame Wave               Conj/Fire      0%         2d4       100%        4


Dungeon Overview and Level Annotations

Branches:
Dungeon (3/15)

Altars:

Annotations:
D:3 Natasha


Innate Abilities, Weirdness & Mutations

You are very small and have problems with some larger weapons.
You are too small for most types of armour.
You have supernaturally acute eyesight. (SInv)
You cover ground extremely quickly. (Speed+++)


Message History

There are monsters nearby!
You closely miss Natasha. Natasha completely misses you.
You hit Natasha. You burn Natasha.
Natasha is moderately wounded.
Natasha wildly gestures.
Natasha shimmers violently.
Natasha casts a spell.
You closely miss Natasha.
Natasha is moderately wounded.
Natasha claws you!
You hit Natasha. You burn Natasha.
Natasha is heavily wounded.
The crimson imp blinks!
You block Natasha's attack.
You completely miss Natasha.
Natasha is heavily wounded.
Natasha claws you.
* * * LOW HITPOINT WARNING * * *
You barely miss Natasha.
Natasha is heavily wounded.
You block Natasha's attack.
You barely miss Natasha.
Natasha is heavily wounded.
You barely miss Natasha.
Natasha is heavily wounded.
Natasha barely misses you.
The crimson imp lashes its tail.
You closely miss Natasha.
Natasha is heavily wounded.
Natasha zaps a wand.
You resist with almost no effort.
The crimson imp blinks!
You hit Natasha but do no damage.
Natasha is heavily wounded.
Natasha stares at you and mumbles some strange words.
You resist with almost no effort.
You completely miss Natasha.
Natasha is moderately wounded.
Natasha barely misses you.
You hit Natasha. You burn Natasha.
Natasha is severely wounded.
Natasha claws you.
You die...

#.# ###.##
#....... #.†..####
#......# #.......#
#......# #....##.#
......# #....##.#
..... #....##.#
.g5 #######.# #h#
#.# #@# #.# #.#
#######.# #.#
##.....#.# #.#
#......#.# #.#
##......#.# #.#
...#.####.######.#
####.####.#......#
#..).#.#.######


You could see Natasha, a crimson imp (summoned) and a hobgoblin.

Vanquished Creatures
  An adder (D:2)
  A worm (D:2)
  A dart slug (D:1)
  3 endoplasms (D:2)
  2 giant cockroaches (D:1)
  4 hobgoblins
  3 quokkas
  4 ball pythons
  4 bats
  2 frilled lizards
  7 goblins
  5 kobolds
  7 rats
44 creatures vanquished.

Notes
Turn   | Place    | Note
-------+----------+-------------------------------------------
     0 | D:1      | zeram the Spriggan Fighter began the quest for the Orb.
     0 | D:1      | Reached XP level 1. HP: 11/11 MP: 2/2
   576 | D:1      | Reached XP level 2. HP: 16/16 MP: 3/3
   583 | D:1      | Found a faded altar of an unknown god.
  1313 | D:2      | Reached XP level 3. HP: 6/19 MP: 4/4
  1681 | D:2      | Reached skill level 1 in Stealth
  2296 | D:3      | Noticed Natasha
  2311 | D:3      | Slain by Natasha

Illustrated notes

Levels and vault maps discovered:
D:1:      amcnicky_arrival_choice, layout_loops_cross,
          hellmonk_ecumenical_altar_blasted
D:2:      layout_rooms
D:3:      layout_basic, serial_shops, shop, uniq_robin, uniq_natasha

Skill      XL: |  1  2  3 |
---------------+----------+-----
Short Blades   | 3 |  3.3
Stealth        | 1 |  1.3
Fighting       | |  2.4
Dodging        | |  4.9
Shields        | |  2.4

Action                   || total
-------------------------++-------
Melee: Rapier            ||    97
       Dagger            ||    38
  Use: Scroll            ||     3
       Potion            ||     1
 Stab: Sleeping          ||     3
Armor: Robe              ||     3
Dodge: Dodged            ||    70
Block: Buckler           ||    33
